 Dungeon Crawl Stone Soup version 0.13-a0-3110-gf6e36dc (webtiles) character file.

336 PolkaDot the Ruinous (level 5, -1/33 HPs)
             Began as a Vampire Wizard on Sept 20, 2013.
             Was an Initiate of Sif Muna.
             Slain by a sky beast (6 damage)
             ... on Level 3 of the Dungeon.
             The game lasted 00:07:42 (2271 turns).

PolkaDot the Ruinous (Vampire Wizard)               Turns: 2271, Time: 00:07:42

HP  -1/33        AC  3     Str  6      XL: 5   Next: 53%
MP   4/13        EV 12     Int 21      God: Sif Muna [......]
Gold 131         SH  0     Dex 12      Spells:  3 memorised,  3 levels left

Res.Fire  : . . .   See Invis. : +   j - +3,+2 dwarf short sword (drain)
Res.Cold  : . . .   Warding    : .   a - +0 robe
Life Prot.: . . .   Conserve   : .   (no shield)
Res.Poison: .       Res.Corr.  : .   b - +0 wizard hat
Res.Elec. : .       Clarity    : .   w - +0 cloak
Sust.Abil.: . .     Spirit.Shd : .   (no gloves)
Res.Mut.  : .       Stasis     : .   (no boots)
Res.Rott. : .       Flight     : .   (no amulet)
Saprovore : . . .                    (no ring)
                                     (no ring)

@: regenerating quickly, slightly resistant to hostile enchantments, stealthy
A: fangs 3, see invisible, unbreathing
a: Renounce Religion


You were on level 3 of the Dungeon.
You worshipped Sif Muna.
Sif Muna was noncommittal.
You were very full.

You visited 1 branch of the dungeon, and saw 3 of its levels.

You collected 111 gold pieces.

Inventory:

Hand weapons
 j - a +3,+2 dwarven short sword of draining (weapon)
Armour
 a - a +0 robe (worn)
 b - a +0 wizard hat (worn)
 w - a +0 cloak (worn)
Magical devices
 t - a wand of flame (19) {unknown}
Scrolls
 e - a scroll of teleportation {unknown}
 f - a scroll of fog {unknown}
 i - 2 scrolls of identify {unknown}
 m - a scroll of magic mapping {unknown}
 p - 4 scrolls of blinking {unknown}
 q - a scroll of remove curse {unknown}
 r - a scroll of curse jewellery {unknown}
 x - a scroll of random uselessness {unknown}
Potions
 g - a potion of brilliance
 n - a potion of poison
 u - a potion of speed
 v - a potion of heal wounds
Books
 c - a book of Minor Magic

   Spells                             Type                      Level
   *Magic Dart                        Conjuration                  1
   Blink                              Translocation                2
   Call Imp                           Summoning                    2
   Repel Missiles                     Charms/Air                   2
   Slow                               Hexes                        2
   *Conjure Flame                     Conjuration/Fire             3
   *Mephitic Cloud                    Conjuration/Poison/Air       3


   Skills:
 - Level 2.1 Dodging
 - Level 3.0 Stealth
 - Level 3.0 Spellcasting
 * Level 4.1 Conjurations
   Level 1.0 Summonings
   Level 0.7 Translocations


You had 3 spell levels left.
You knew the following spells:

 Your Spells              Type           Power        Failure   Level  Hunger
a - Magic Dart            Conj           ###.         2%          1    None
d - Mephitic Cloud        Conj/Pois/Air  #.......     24%         3    ###....
s - Conjure Flame         Conj/Fire      ##......     21%         3    ###....


Dungeon Overview and Level Annotations

Branches:
Dungeon (3/27)

Altars:
Sif Muna


Innate Abilities, Weirdness & Mutations

Your natural rate of healing is unusually fast.
You have razor-sharp teeth.*
You have supernaturally acute eyesight.
You can survive without breathing.*


Message History

The sky beast hits you but does no damage.
Casting: Magic Dart
Confirm with . or Enter, or press ? or * to list all spells.
Aiming: Magic Dart
Press: ? - help, Shift-Dir - straight line, f/p - sky beast
Aim: a sky beast (severely wounded, slightly transparent)
The magic dart hits the sky beast.
The sky beast is severely wounded.
The sky beast hits you. The sky beast shocks you.
Casting: Magic Dart
Confirm with . or Enter, or press ? or * to list all spells.
Aiming: Magic Dart
Press: ? - help, Shift-Dir - straight line, f/p - sky beast
Aim: a sky beast (severely wounded, slightly transparent)
The magic dart hits the sky beast.
The sky beast is almost dead.
The sky beast hits you.
* * * LOW HITPOINT WARNING * * *
The sky beast shocks you!
You die...

### ####.######.
....#.##........)#.
.............##.#.
....#######...##.#. #
..#......+........
#.#...... #...##.#.
.##.#.#....##
#...##.##
.......I.....#
##########
#####@#..####.........
#.....#.)##_'.........
#.#####..####.........
#.........# ##########
#######..########.#.##
#............%..
#.########.##'## #.#
#.#.... #.# #.#....


You could see a sky beast (invisible).

Vanquished Creatures
  Sigmund (D:3)
  A crimson imp (D:3)
  An orc priest (D:3)
  2 adders (D:2)
  A ball python (D:2)
  3 giant cockroaches
  10 goblins
  9 hobgoblins
  2 kobolds
  2 quokkas (D:2)
  8 bats
  2 giant geckos (D:1)
  3 giant newts
  7 rats
52 creatures vanquished.

Notes
Turn   | Place    | Note
--------------------------------------------------------------
     0 | D:1      | PolkaDot, the Vampire Wizard, began the quest for the Orb.
     0 | D:1      | Reached XP level 1. HP: 11/11 MP: 6/6
   148 | D:1      | Reached skill level 1 in Conjurations
   397 | D:1      | Reached XP level 2. HP: 17/17 MP: 4/8
   904 | D:2      | Reached XP level 3. HP: 20/22 MP: 0/10
  1917 | D:3      | Noticed Sigmund
  1953 | D:3      | Killed Sigmund
  1953 | D:3      | Reached XP level 4. HP: 16/28 MP: 1/12
  1953 | D:3      | Reached XP level 5. HP: 18/33 MP: 1/13
  1976 | D:3      | Found a deep blue altar of Sif Muna.
  1979 | D:3      | Became a worshipper of Sif Muna the Loreminder
  2095 | D:3      | Learned a level 3 spell: Conjure Flame
  2099 | D:3      | Learned a level 3 spell: Mephitic Cloud
  2162 | D:3      | Reached skill level 4 in Conjurations
  2261 | D:3      | Noticed a sky beast
  2271 | D:3      | Slain by a sky beast

Action                   |  1- 3 |  4- 6 || total
-------------------------+-------+-------++-------
 Cast: Magic Dart        |   119 |    29 ||   148
  Use: Potion            |    10 |     1 ||    11
